Map: Void Training Stage 3

Players

Michael - Winner!

  • Race: Zerg Zerg
  • League: Gold
  • Spawn Location: 6:00

Player 2

  • Race: Terran Terran
  • Spawn Location: 12:00

VOD

Have the link to the VOD?

Description

Time

  • Played on: Sept. 28, 2018, 7:17 p.m.
  • Length: 21:39
Show
View Real Time Build Order
Export as new Build Order

Michael Zerg - Winner!

Build Orders: Hatch First 

Get SALT Encoding   

  12  0:01  Drone  
  13  0:13  Overlord  
  13  0:18  Drone  
  14  0:31  Drone  
  14  0:32  Drone  
  14  0:35  Drone  
  17  0:45  Drone  
  18  1:00  Hatchery  
  18  1:01  Drone  
  18  1:07  Drone  
  18  1:08  Extractor  
  18  1:20  Spawning Pool  
  18  1:23  Drone  
  18  1:28  Drone  
  19  1:39  Drone  
  20  1:49  Overlord  
  20  2:03  Drone, Hatchery  
  20  2:13  Queen  
  22  2:24  Queen  
  22  2:29  Metabolic Boost  
  24  2:34  Zergling x2  
  25  2:38  Zergling x2  
  25  2:40  Drone  
  27  2:44  Drone  
  27  2:49  Drone  
  27  2:51  Drone  
  29  3:08  Drone x2  
  29  3:09  Drone x3  
  34  3:13  Overlord  
  34  3:25  Queen  
  36  3:29  Queen  
  36  3:32  Drone  
  39  3:40  Drone x3  
  42  3:42  Drone  
  42  3:44  Drone  
  42  3:46  Drone  
  43  3:52  Overlord  
  43  4:03  Lair  
  43  4:08  Drone  
  43  4:09  Roach Warren, Drone, Baneling Nest  
  43  4:10  Drone  
  44  4:20  Queen  
  44  4:22  Drone x3  
  44  4:23  Drone  
  50  4:26  Overlord  
  50  4:29  Overlord  
  50  4:44  Drone x3  
  53  4:47  Extractor x2  
  53  4:48  Zergling x2  
  53  4:52  Drone x3  
  55  5:01  Evolution Chamber  
  55  5:02  Drone x3  
  55  5:03  Extractor  
  56  5:09  Drone x4  
  56  5:12  Extractor  
  56  5:14  Extractor, Drone x9  
  61  5:20  Drone  
  67  5:29  Zerg Ground Armor Level 1  
  67  5:31  Roach x3  
  67  5:35  Zergling x2  
  74  5:38  Overlord  
  74  5:39  Overlord x2  
  74  5:49  Overlord  
  74  6:02  Baneling x2  
  65  6:31  Centrifical Hooks  
  65  6:32  Glial Reconstitution  
  65  6:38  Zergling x28  
  79  6:47  Hatchery  
  78  6:58  Infestation Pit  
  77  7:03  Queen x2  
  77  7:04  Burrow  
  81  7:14  Baneling x6  
  81  7:15  Baneling x3  
  81  7:16  Baneling x4  
  81  7:17  Baneling  
  81  7:19  Roach  
  81  7:21  Roach  
  85  7:27  Drone x2  
  85  7:28  Drone x2  
  89  7:39  Queen  
  91  7:47  Hatchery  
  91  7:48  Hatchery  
  89  8:04  Drone x8  
  89  8:05  Drone x8  
  105  8:11  Roach x3  
  111  8:13  Overlord  
  111  8:14  Overlord x4  
  111  8:18  Zerg Missile Weapons Level 1  
  111  8:23  Hive  
  111  8:50  Roach x9  
  111  8:51  Roach x3  
  111  8:55  Overlord x3  
  134  9:06  Drone x3  
  137  9:17  Queen  
  130  9:44  Roach x10  
  130  9:45  Roach x16  
  181  9:55  Queen x2  
  181  9:56  Queen  
  187  10:07  Overlord x3  
  187  10:08  Overlord x2  
  187  10:15  Adrenal Glands  
  187  10:17  Zerg Ground Armor Level 2  
  187  10:53  Roach  
  187  10:54  Roach x5  
Show
View Real Time Build Order
Export as new Build Order

Player 2 Terran 

Build Orders:  

Get SALT Encoding   

  12  0:00  SCV  
  13  0:13  SCV  
  14  0:20  Supply Depot  
  14  0:25  SCV  
  15  0:42  SCV  
  16  0:44  Barracks  
  16  0:50  Refinery  
  16  0:54  SCV  
  17  1:06  SCV  
  18  1:16  Supply Depot  
  18  1:30  Marine  
  19  1:33  Barracks  
  19  1:34  Orbital Command  
  19  1:43  Refinery  
  19  1:49  Barracks Tech Lab  
  19  2:07  Marine  
  20  2:12  Supply Depot  
  20  2:25  Marine  
  20  2:28  Marine  
  22  2:32  SCV  
  23  2:43  Marauder  
  25  2:44  SCV  
  25  2:47  Supply Depot, Marine  
  27  2:55  Engineering Bay  
  27  2:56  SCV  
  28  3:04  Marine  
  29  3:08  SCV, Marine  
  31  3:20  SCV  
  31  3:22  Marine  
  33  3:33  SCV  
  34  3:40  Marauder  
  36  5:20  Barracks Tech Lab  
  36  5:21  SCV, Marauder  
  37  5:22  Factory  
  37  5:26  Factory  
  37  5:28  Supply Depot  
  39  5:29  Missile Turret  
  39  5:31  Missile Turret  
  39  5:32  Ghost Academy  
  39  5:37  Sensor Tower  
  39  5:40  Barracks  
  39  5:43  Marauder  
  41  5:52  Bunker  
  41  5:57  Command Center  
  41  6:03  Marine  
  40  6:11  Marine, Starport, Factory Tech Lab x2  
  38  6:13  Armory  
  35  6:21  Marine  
  32  6:26  Barracks Reactor  
  32  6:29  Marine  
  33  6:38  Marine  
  34  6:46  Starport Tech Lab  
  34  6:47  Marine  
  35  6:56  Marine  
  36  7:03  Marine  
  36  7:04  Raven  
  39  7:09  SCV  
  39  7:12  SCV, Marauder  
  43  7:20  Missile Turret  
  43  7:21  SCV, Marauder  
  43  7:22  Refinery  
  46  7:24  SCV  
  47  7:30  Missile Turret  
  47  7:33  Ghost, SCV  
  47  7:36  SCV  
  51  7:44  Refinery  
  51  7:45  SCV  
  51  7:47  Raven  
  51  7:48  SCV  
  51  7:50  Bunker  
  54  7:58  SCV  
  55  8:00  SCV  
  56  8:10  SCV  
  57  8:12  SCV  
  58  8:22  SCV  
  58  8:25  SCV  
  61  8:34  SCV  
  61  8:37  SCV  
  62  8:42  Supply Depot  
  62  8:46  SCV  
  63  8:49  SCV  
  64  8:58  SCV  
  64  9:01  SCV  
  65  9:10  SCV  
  65  9:13  SCV  
  65  9:15  Ghost  
  65  9:16  Medivac, Combat Shields  
  71  9:22  Marine  
  71  9:23  Starport  
  63  9:25  Supply Depot  
  63  9:29  Marine  
  54  9:35  Marine  
  54  9:37  Starport  
  53  9:42  Marine  
  38  9:46  Medivac  
  38  9:48  Marine  
  38  9:59  Ghost  
  36  10:16  Raven, SCV  
  35  10:21  Viking  
  35  10:28  Marine  
  33  10:36  Hellion  
  33  10:37  Engineering Bay  
  27  10:47  SCV  
  18  10:52  Starport Tech Lab  
  17  10:59  SCV  
Tags
 
Add a new tag
Caveats
  • Supply blocks, unpowered buildings, or Contaminate may cause inaccurate times.
  • Supply counts are checked every 10 seconds.